 Dungeon Crawl Stone Soup version 0.17.2-1-ge4368a0 (console) character file.

114 Goblin1989 the Skirmisher (level 5, 0/32 HPs)
             Began as a Kobold Berserker on Sept 30, 2019.
             Was a Believer of Trog.
             Slain by IDKFA's ghost (13 damage)
             ... on level 3 of the Dungeon.
             The game lasted 00:05:46 (2269 turns).

Goblin1989 the Skirmisher (Kobold Berserker)        Turns: 2269, Time: 00:05:46

Health: 0/32       AC:  2    Str: 16    XL:     5   Next: 19%
Magic:  5/5        EV: 15    Int:  5    God:    Trog [**....]
Gold:   84         SH:  5    Dex: 16    Spells: 0 memorised, 4 levels left

rFire  . . .     SeeInvis .     a - +0 falchion
rCold  . . .     Clarity  .     b - +0 animal skin
rNeg   . . .     SustAt   .     f - +0 buckler
rPois  .         Gourm    .     (no helmet)
rElec  .         Spirit   .     (no cloak)
rCorr  .         Warding  .     (no gloves)
rMut   .         Stasis   .     (no boots)
MR     .....                    (no amulet)
Stlth  +.........               (no ring)
                                (no ring)

@: exhausted, slowed, very slow, not resistant to hostile enchantments, very
unstealthy
A: carnivore 3
a: Berserk, Trog's Hand, Burn Spellbooks, Renounce Religion


You were on level 3 of the Dungeon.
You worshipped Trog.
Trog was pleased with you.
You were full.

You visited 1 branch of the dungeon, and saw 3 of its levels.

You collected 84 gold pieces.

Inventory:

Hand Weapons
 a - a +0 falchion (weapon)
Armour
 b - a +0 animal skin (worn)
 f - a +0 buckler (worn)
 j - a cursed +0 ring mail
Potions
 d - 2 potions of magic
 e - a potion of invisibility {unknown}
 g - 2 potions of agility {unknown}
 h - 2 potions of heal wounds {@q2, !q}
 i - 2 potions of curing {unknown}
Comestibles
 c - a meat ration {@e2}


   Skills:
 + Level 3.5 Fighting
 * Level 3.4 Long Blades
 + Level 2.2 Armour
 + Level 3.4 Dodging
 + Level 0.8 Shields


You had 4 spell levels left.
You didn't know any spells.

Dungeon Overview and Level Annotations

Branches:
Dungeon (3/15)

Altars:
Ashenzari
Qazlal
Yredelemnul

Annotations:
D:3 1 exclusion, IDKFA's ghost, novice HOFi


Innate Abilities, Weirdness & Mutations

You are small and have problems with some larger weapons.
You are carnivorous and can eat meat at any time.


Message History

You see here a giant newt corpse.
You hear the rusting of a distant drain.
A goblin comes into view. It is wielding a club.
The goblin shouts!
You hit the goblin.
The goblin is heavily wounded.
You block the goblin's attack.
You barely miss the goblin.
The goblin is heavily wounded.
The goblin barely misses you.
You closely miss the goblin.
The goblin is heavily wounded.
You block the goblin's attack.
You hit the goblin.
You kill the goblin!
Trog accepts your kill.
You see here a club.
You see here a ring mail.
You see here a club.
You see here a ring mail.
j - a ring mail You see here a club.
You hear the rusting of a drain nearby.
IDKFA's ghost (novice Hill Orc Fighter) comes into view.
IDKFA's ghost turns its malevolent gaze towards you.
Unknown command.
You start resting.
IDKFA's ghost is nearby!
IDKFA's ghost is nearby!
Unknown command.
IDKFA's ghost is nearby!
IDKFA's ghost is nearby!
Health restored: 32 Your skin crawls.
You feel resistant to hostile enchantments.
You feel slightly less full.
A red film seems to cover your vision as you go berserk!
You feel yourself moving faster!
You feel mighty!
You feel somewhat less full. IDKFA's ghost hits you.
You now have 45/48 hp.
You hit IDKFA's ghost.
IDKFA's ghost is lightly damaged.
IDKFA's ghost hits you.
You take 4 damage, and have 41/48 hp.
You barely miss IDKFA's ghost.
IDKFA's ghost is lightly damaged.
You hit IDKFA's ghost but do no damage.
IDKFA's ghost is lightly damaged.
You feel the effects of Trog's Hand fading.
IDKFA's ghost closely misses you.
You hit IDKFA's ghost.
IDKFA's ghost is lightly damaged.
IDKFA's ghost closely misses you.
Your shield prevents you from hitting IDKFA's ghost.
IDKFA's ghost is lightly damaged.
You slash IDKFA's ghost!
IDKFA's ghost is moderately damaged.
IDKFA's ghost barely misses you.
You hit IDKFA's ghost but do no damage.
IDKFA's ghost is moderately damaged.
You block IDKFA's ghost's attack.
You hit IDKFA's ghost but do no damage.
IDKFA's ghost is moderately damaged.
You block IDKFA's ghost's attack.
You hit IDKFA's ghost.
IDKFA's ghost is heavily damaged.
You barely miss IDKFA's ghost.
IDKFA's ghost is heavily damaged.
IDKFA's ghost closely misses you.
Health restored: 48 You hit IDKFA's ghost.
IDKFA's ghost is heavily damaged.
IDKFA's ghost hits you!
You take 9 damage, and have 39/48 hp.
You slash IDKFA's ghost!
IDKFA's ghost is severely damaged.
Your skin stops crawling.
You feel less resistant to hostile enchantments.
IDKFA's ghost completely misses you.
You slash IDKFA's ghost!
IDKFA's ghost is almost destroyed.
You hit IDKFA's ghost.
IDKFA's ghost is almost destroyed.
You are no longer berserk.
You pass out from exhaustion.
You feel yourself slow down. IDKFA's ghost barely misses you.
IDKFA's ghost hits you!
You can move again.
You now have 17/32 hp.
Unknown command.
Unknown command.
You hit IDKFA's ghost but do no damage.
IDKFA's ghost is almost destroyed.
IDKFA's ghost hits you. You block IDKFA's ghost's attack.
You hit IDKFA's ghost.
IDKFA's ghost is almost destroyed.
IDKFA's ghost hits you.
* * * LOW HITPOINT WARNING * * *
IDKFA's ghost hits you!
You die... █ .█ █.████.███. █.█......W. █.......... █.█ .. █.█ ... █.█ ..█ █W█

█.█ █@█ █.█
█.█ █.█
█.███.██████.█
█.......)....█
█████.....██.█
█████.██.█
█.██.██████
█.██......█


████ █.███████.█ You could see IDKFA's ghost.

Vanquished Creatures
  Ijyb (D:3)
  Natasha (thrice) (D:2)
  An adder (D:2)
  2 worms (D:2)
  5 bats
  5 goblins
  6 hobgoblins
  6 kobolds
  A quokka (D:3)
  2 giant cockroaches
  4 giant newts
  5 rats
41 creatures vanquished.

Notes
Turn   | Place    | Note
--------------------------------------------------------------
     0 | D:1      | Goblin1989 the Kobold Berserker began the quest for the Orb.
     0 | D:1      | Reached XP level 1. HP: 14/14 MP: 1/1
   278 | D:1      | Found a shattered altar of Ashenzari.
   419 | D:1      | Reached XP level 2. HP: 16/19 MP: 2/2
   971 | D:2      | Found a stormy altar of Qazlal.
  1127 | D:2      | Reached XP level 3. HP: 16/23 MP: 3/3
  1437 | D:2      | Noticed Natasha
  1442 | D:2      | Killed Natasha
  1442 | D:2      | Reached XP level 4. HP: 21/28 MP: 4/4
  1491 | D:2      | Reached ** piety under Trog
  1595 | D:2      | Noticed Natasha
  1668 | D:2      | Killed Natasha
  1929 | D:2      | Noticed Natasha
  1940 | D:2      | Killed Natasha
  2078 | D:3      | Noticed Ijyb
  2096 | D:3      | Killed Ijyb
  2096 | D:3      | Reached XP level 5. HP: 21/32 MP: 5/5
  2103 | D:3      | Found a basalt altar of Yredelemnul.
  2242 | D:3      | Noticed IDKFA's ghost (novice HOFi)
  2269 | D:3      | Slain by IDKFA's ghost

Action                   |  1- 3 |  4- 6 || total
-------------------------+-------+-------++-------
Melee: Falchion          |    83 |    88 ||   171
Invok: Berserk           |     2 |     4 ||     6
       Trog's Hand       |       |     1 ||     1
  Use: Scroll            |       |     3 ||     3
       Potion            |       |     1 ||     1
 Stab: Sleeping          |     3 |     2 ||     5
  Eat: Chunk             |    10 |     5 ||    15

Vault maps used:
D:1:      tarquinn_simple_flora_water_a, ashenzari_altar_1
D:2:      minmay_misc_feat_nine_boxes, corexii_corridor_pit,
          nicolae_qazlal_general_emergency, uniq_natasha
D:3:      nicolae_overflow_crystal_walls, first_bread, portal_sewer_entry_a,
          uniq_iyjb
